 Dungeon Crawl Stone Soup version 0.31-a0-185-g9dded2c639 (webtiles) character file.

Game seed: 7395488049512968358

30 qw the Shooter (level 3, 0/20 HPs)
             Began as a Deep Elf Hunter on June 22, 2023.
             Succumbed to an adder's poison
             ... on level 2 of the Dungeon.
             The game lasted 00:00:20 (954 turns).

qw the Shooter (Deep Elf Hunter)                     Turns: 954, Time: 00:00:21

Health: 0/20       AC:  7    Str: 10    XL:     3   Next: 3%
Magic:  5/5        EV: 11    Int: 13    God:
Gold:   81         SH:  0    Dex: 18    Spells: 2/2 levels left

rFire   . . .        Y - +0 shortbow
rCold   . . .        (shield currently unavailable)
rNeg    . . .        f - +0 ring mail
rPois   .            h - +0 helmet
rElec   .            (no cloak)
rCorr   .            e - +0 pair of gloves
SInv    .            (no boots)
Will    .....        (no amulet)
Stlth   +            (no ring)
HPRegen 0.23/turn    (no ring)
MPRegen 0.09/turn

%: no passive effects
@: lethally poisoned (0 -> 0)
A: no striking features
a: no special abilities


You were on level 2 of the Dungeon.
You visited 1 branch of the dungeon, and saw 2 of its levels.

You collected 81 gold pieces.


   Skills:
 - Level 1.5 Fighting
 + Level 6.6 Ranged Weapons
 - Level 2.4 Dodging
 - Level 1.2 Stealth


You had 2 spell levels left.
You didn't know any spells.
Your spell library was empty.

Inventory:

Hand Weapons
 Y - a +0 shortbow (weapon)
Armour
 e - a +0 pair of gloves (worn)
 f - a +0 ring mail (worn)
 h - a +0 helmet (worn)
Scrolls
 b - a scroll of identify
 c - a scroll of noise {unknown}
Potions
 a - a potion of might {unknown}
 d - a potion of heal wounds {unknown}
 g - a potion of curing {unknown}
 i - a potion of invisibility {unknown}
 j - a potion of attraction {unknown}
 k - a potion of brilliance {unknown}
 l - a potion of mutation {unknown}
 m - 2 potions of haste {unknown}

Dungeon Overview and Level Annotations

Branches:
Dungeon (2/15)

Altars:
Sif Muna


Message History

Enter note:
Enter note:
Enter note:
Enter note:
Enter note:
Enter note: You shoot an arrow.
The arrow hits the adder.
The adder hisses angrily.
The adder is heavily wounded.
You shoot an arrow. The arrow hits the adder.
The adder is severely wounded.
The adder closely misses you. The adder barely misses you.
You shoot an arrow. The arrow closely misses the adder.
The adder bites you but does no damage.
You shoot an arrow. The arrow misses the adder.
The adder bites you.
You are poisoned.
The adder poisons you! The adder bites you but does no damage.
You shoot an arrow. The arrow misses the adder.
You feel sick. The adder bites you.
You are more poisoned.
The adder poisons you!
You shoot an arrow. The arrow closely misses the adder.
You feel very sick. The adder misses you.
The adder bites you but does no damage.
You shoot an arrow. The arrow closely misses the adder.
You feel very sick. The adder bites you but does no damage.
You shoot an arrow. The arrow closely misses the adder.
You feel sick. The adder barely misses you.
The adder bites you but does no damage.
You shoot an arrow. The arrow barely misses the adder.
You feel sick. The adder bites you but does no damage. The adder bites you.
You shoot an arrow. The arrow closely misses the adder.
You feel sick. The adder barely misses you.
You shoot an arrow. The arrow closely misses the adder.
You feel sick. The adder barely misses you. The adder bites you.
You shoot an arrow. The arrow hits the adder.
The adder is severely wounded.
You die...

..........#.#..###.%.......#
.###.###.##.... #.###.###.#
..........## #..........
##.###.## #####......
#...#.# #####.#
############..#. #..
..............#. ###
..>##########.#S######
....#### #.#.@....# .......#
#.######.# ....##.# #....#
#.# ...###.# #.#..###.# #.##
#.# #.#......#
#[####.######.#......#
#.##............._...# ####
#.##.#.###.##.#......# #...
#.##.#.#......#.....## #.##


You could see an adder.

Vanquished Creatures
  An adder (D:2)
  A worm (D:2)
  5 ball pythons
  An endoplasm (D:2)
  4 goblins
  A hobgoblin (D:1)
  A kobold (D:1)
  A frilled lizard (D:2)
  4 rats
19 creatures vanquished.

Notes
Turn   | Place    | Note
-------+----------+-------------------------------------------
     0 | D:1      | qw the Deep Elf Hunter began the quest for the Orb.
     0 | D:1      | Reached XP level 1. HP: 12/12 MP: 3/3
     0 | D:1      | 0 ||| qw: Version: 0.3-a-9-g12657ce
     0 | D:1      | 0 ||| qw: Game counter: 1831
     0 | D:1      | 0 ||| qw: Always use a shield: true
     0 | D:1      | 0 ||| qw: God list: Okawaru
     0 | D:1      | 0 ||| qw: Allow faded altars: false
     0 | D:1      | 0 ||| qw: Do Orc after D:15 true
     0 | D:1      | 0 ||| qw: Do second Lair branch before Depths: true
     0 | D:1      | 0 ||| qw: Lair rune preference: random
     0 | D:1      | 0 ||| qw: Plans: Normal
     0 | D:1      | 0 ||| PLANNING D:1-11
   538 | D:1      | Reached XP level 2. HP: 16/16 MP: 4/4
   540 | D:1      | 540 ||| UPGRADING to +0 pair of gloves.
   545 | D:1      | 545 ||| UPGRADING to +0 ring mail.
   555 | D:1      | 555 ||| DROPPING +0 leather armour.
   556 | D:1      | 556 ||| UPGRADING to +0 helmet.
   561 | D:1      | 561 ||| READING scroll labelled RYBBYE ZAORPHIE.
   565 | D:1      | 565 ||| READING scroll labelled HIMMES JIWALO.
   566 | D:1      | 566 ||| DROPPING scroll of butterflies.
   604 | D:2      | Reached skill level 6 in Ranged Weapons
   739 | D:2      | Found a faded altar of an unknown god.
   888 | D:2      | Reached XP level 3. HP: 20/20 MP: 5/5
   925 | D:2      | Found a shimmering blue altar of Sif Muna.
   951 | D:2      | HP: 5/20 [adder (2)]
   953 | D:2      | HP: 2/20 [poisoned by an adder]
   954 | D:2      | Succumbed to an adder's poison

Levels and vault maps discovered:
D:1:      amcnicky_arrival_feature_with_door, layout_loops_cross
D:2:      layout_loops_ring, basic_altar, ebering_ecumenical_altar_rust,
          nicolae_concentric_dashed_squares_mild

Skill      XL: |  1  2 |
---------------+-------+-----
Ranged Weapons | 6 |  6.6
Fighting       | |  1.5
Dodging        | |  2.4
Stealth        | |  1.2

Action                     || total
---------------------------++-------
   Fire: Shortbow          ||    58
    Use: Scroll            ||     2
 Armour: Ring mail         ||     9
  Dodge: Dodged            ||    12

Table legend:
 A = Non-vault XP
 B = Vault XP
 C = Vault XP percentage of total XP
 D = Non-vault monster count
 E = Vault monster count
 F = Vault count percentage of total count
                 A         B        C        D         E       F
            +---------+---------+-------+---------+---------+-------
      Total |      43 |       0 |   0.0 |      19 |       0 |   0.0
            +---------+---------+-------+---------+---------+-------
        D:1 |      12 |       0 |   0.0 |       8 |       0 |   0.0
        D:2 |      31 |       0 |   0.0 |      11 |       0 |   0.0
            +---------+---------+-------+---------+---------+-------
